[Event "*** Titled Tuesday 3|2 Blitz"]
[Site "Chess.com"]
[Date "2016.01.05"]
[Round "4"]
[White "JusticeBot"]
[Black "zanbato17"]
[Result "1-0"]
[WhiteElo "2482"]
[BlackElo "2243"]
[TimeControl "180+2"]
[EndTime "17:52:36 PST"]
[Termination "JusticeBot won by checkmate"]

1. e4 d5 2. exd5 Qxd5 3. Nc3 Qa5 4. d4 c6 5. Nf3 Bf5 6. Ne5 e6 7. Nc4 Qc7 8. g3 Nf6 9. Bf4 Qd8 10. Bg2 Be7 11.
O-O O-O 12. a4 Na6 13. Re1 Nc7 14. a5 Ncd5 15. Bd2 Nxc3 16. bxc3 Nd5 17. a6 b5 18. Ne5 Qc7 19. c4 bxc4 20. Nxc4 Rab8 21. Ne5 Bd6 22. c4 Bxe5 23. Rxe5 Nf6 24. Bf4 Qd7 25. Rxf5 exf5 26. Bxb8 Rxb8 27. d5 cxd5 28. cxd5 g6 29. Qd4 Ne8 30.
h4 h5 31. Re1 Nd6 32. Qf6 Re8 33. Rc1 Rc8 34. Rc6 Rd8 35. Qc3 Ne4 36. Bxe4 fxe4 37. d6 Qg4 38. Qd4 Qf3 39. Rc7 e3 40. Qxe3 Qxe3 41.
fxe3 Rxd6 42. Rxa7 Rd1+ 43. Kf2 Ra1 44. Kf3 Ra4 45. e4 Kg7 46. Kf4 Kf6 47. Ra8 Ra5 48.
Ke3 Ra3+ 49. Kf4 Ra4 50. Ra7 Ra5 51. e5+ Ke6 52. Ra8 Ra4+ 53. Kg5 Kxe5 54. a7 Ra5 55.
Kh6 Kf6 56. Kh7 Ra3 57. Kg8 Ra6 58. Kf8 Ra5 59. Ke8 Ra1 60. Kd7 Kf5 61. Ke7 f6 62. Kf7 Ra6 63. Kg7 Ra3 64. Kh6 Ra6 65.
Rg8 Rxa7 66. Rxg6 Ra8 67. Kxh5 Rh8+ 68. Rh6 Rxh6+ 69. Kxh6 Kg4 70. Kg6 Kxg3 71. h5 Kg4 72. h6 f5 73. h7 f4 74. h8=Q f3 75. Qh2 f2 76. Qxf2 Kh3 77. Qg1 Kh4 78. Kf5 Kh3 79.
Kf4 Kh4 80. Qh1# 1-0

[Event "*** Titled Tuesday 3|2 Blitz"]
[Site "Chess.com"]
[Date "2016.01.05"]
[Round "4"]
[White "AUSSIE_PINOY"]
[Black "chess4life23"]
[Result "0-1"]
[WhiteElo "2317"]
[BlackElo "2163"]
[TimeControl "180+2"]
[EndTime "17:52:40 PST"]
[Termination "chess4life23 won by checkmate"]

1. d4 Nf6 2. Nf3 g6 3. c4 Bg7 4.
Nc3 d6 5. e4 O-O 6. Be2 e5 7. O-O Nc6 8. d5 Ne7 9. b4 a5 10. bxa5 Rxa5 11. a4 Ne8 12. Nd2 f5 13. Nb3 Ra8 14. f3 f4 15. c5 g5 16. g4 fxg3 17. hxg3 Ng6 18. Kg2 h5 19. cxd6 cxd6 20. Be3 h4 21. g4 Nf4+ 22. Kh2 Nf6 23. Nb5 Bxg4 24. fxg4 Nxe4 25. Bf3 Ng3 26. Nc3 Nxf1+ 27. Qxf1 e4 28. Nxe4 Nxd5 29. Bd4 Rc8 30. Bxg7 Kxg7 31.
Nd4 Qd7 32. Nxg5 Ne3 33. Nde6+ Kh8 34. Qd3 Rxf3 35. Qd4+ Kg8 36. Nxf3 Rc2+ 37. Kh1 Qxe6 38. Ng5 Qxg4 39. Qxg4 Nxg4 40. Rg1 Nf2+ 41. Kh2 Kf8 42. Rg2 Rb2 43. Nf3 Nd3 44. Nd2 Ke7 45. Kh3 Kd7 46.
Kxh4 Kc6 47. Kg4 Rb4+ 48. Kf5 Rf4+ 49. Ke6 Rxa4 50. Rg7 Nf4+ 51. Ke7 Nd5+ 52. Kd8 Nb6 53. Rc7+ Kb5 54. Rxb7 Ra8+ 55. Kc7 Ra6 56. Ne4 d5 57. Nd6+ Kc5 58. Nf7 d4 59. Ne5 Nd5+ 60. Kd7 Rd6+ 61.
Ke8 Nf6+ 62. Kf7 Ne4 63. Nd3+ Kc4 64. Ne5+ Kc3 65. Ra7 Nc5 66. Ra5 Nb3 67. Ra3 Rd5 68. Nc6 d3 69. Ke6 Rc5 70. Ne5 d2 71. Nf3 d1=Q 72.
Ra6 Qd5+ 73. Kf6 Qf5+ 74. Ke7 Rc7+ 75. Kd8 Qd7# 0-1

[Event "*** Titled Tuesday 3|2 Blitz"]
[Site "Chess.com"]
[Date "2016.01.05"]
[Round "4"]
[White "nfds"]
[Black "Gabrielian_Artur"]
[Result "0-1"]
[WhiteElo "2340"]
[BlackElo "2488"]
[TimeControl "180+2"]
[EndTime "17:52:44 PST"]
[Termination "Gabrielian_Artur won on time"]

1. e4 c5 2. Nf3 d6 3. Nc3 Nf6 4. Bb5+ Nbd7 5. O-O a6 6. Bxd7+ Bxd7 7. e5 dxe5 8. Nxe5 e6 9. d4 cxd4 10. Qxd4 Bc6 11.
Nxc6 bxc6 12. Qc4 Qc8 13. Na4 Nd5 14. Qe4 Be7 15. c4 Nf6 16. Qe2 Qc7 17. Be3 c5 18. Rfd1 O-O 19. Rd3 Rfd8 20. Rad1 Rxd3 21. Rxd3 Qc6 22.
b3 Rc8 23. Qd2 h6 24. f3 e5 25. Nc3 e4 26. fxe4 Nxe4 27. Nd5 Bf8 28. Qe2 Re8 29.
Qf3 Qg6 30. Rd1 Bd6 31. Rf1 Re6 32. Qf5 Qxf5 33. Rxf5 g6 34. Rf1 f5 35. g3 Kg7 36.
Kg2 h5 37. Bf4 g5 38. Bxd6 Nxd6 39. Rf2 a5 40. h4 gxh4 41. gxh4 Rg6+ 42. Kh3 Rg4 43.
Nf4 Kh6 44. Nd5 Rd4 45. Ne7 f4 46. Nd5 Rd3+ 47. Kg2 a4 48. Nxf4 Rd4 49. Ne2 Rd2 50. bxa4 Nxc4 51. Nc3 Rd3 52. Ne4 Ne3+ 53. Kg1 Rd1+ 54.
Kh2 Ng4+ 55. Kg3 Nxf2 56. Kxf2 Ra1 57. Nxc5 Rxa2+ 58. Ke3 Kg6 59. Kd4 Kf5 60. Kc3 Kg4 61.
Kb3 Rf2 62. a5 Kxh4 63. a6 Rf8 64. Kb4 Kg4 65. Kb5 h4 66. a7 h3 67. Nd7 Ra8 68.
Kb6 h2 69. Ne5+ Kf5 0-1

[Event "*** Titled Tuesday 3|2 Blitz"]
[Site "Chess.com"]
[Date "2016.01.05"]
[Round "4"]
[White "GrigorGrigorov"]
[Black "oskariot"]
[Result "1-0"]
[WhiteElo "2506"]
[BlackElo "2332"]
[TimeControl "180+2"]
[EndTime "17:54:16 PST"]
[Termination "GrigorGrigorov won on time"]

1. d4 Nf6 2. c4 c5 3. d5 b5 4. cxb5 a6 5. bxa6 g6 6. Nc3 Bxa6 7. e4 Bxf1 8. Kxf1 d6 9. Nge2 Bg7 10. h3 O-O 11.
Kg1 Nbd7 12. Kh2 Qa5 13. Qc2 Rfb8 14. Rd1 Ne5 15. b3 c4 16. Rb1 cxb3 17. axb3 Rc8 18.
b4 Qc7 19. Qb3 Neg4+ 20. hxg4 Nxg4+ 21. Kg3 Bxc3 22. Qxc3 Qd7 23. Qd4 Ra2 24. Bb2 Ne5 25. Rdc1 Qg4+ 26. Kh2 Rxc1 27. Nxc1 Ra4 28. Nd3 f6 29. Nxe5 fxe5 30. Qd3 Rxb4 31. Bc3 Qf4+ 32. Kg1 Qxe4 33. Qxe4 Rxe4 34. Rb7 Kf7 35. Bd2 Kf6 36. Be3 Ra4 37. Rb5 Kf5 38. g3 Ra3 39. Kg2 h5 40. Kf3 g5 41. Rb8 g4+ 42. Ke2 Ke4 43.
Rh8 Ra2+ 44. Bd2 Kxd5 45. Rxh5 Ra4 46. Rg5 Ke6 47. Rg7 Kf6 48. Rh7 d5 49. Rh5 e6 50.
Rh6+ Kf5 51. Rh5+ Kf6 52. Rh4 Kf5 53. Rh8 Kf6 54. Rf8+ Kg6 55. Kd3 Rd4+ 56. Ke2 Re4+ 57. Kf1 Rd4 58. Bc3 Re4 59. Bb2 Kg7 60. Rd8 Kf6 61.
Rd7 Rb4 62. Ba3 Ra4 63. Be7+ Kf5 64. Bc5 Rc4 65. Be3 Rc2 66. Rg7 Rc4 67. Rg5+ Kf6 68.
Rh5 Ra4 69. Ke2 Rc4 70. Bd2 Ra4 71. Kd3 Rd4+ 72. Ke2 Re4+ 73. Kd1 Rd4 74. Ke1 Re4+ 75. Kf1 Rd4 76. Be3 Rc4 77. Ke2 Ra4 78. Rh6+ Kf5 79. Rh5+ Kf6 80. Rh4 Kf5 81. Bd2 Rc4 82. f3 gxf3+ 83.
Kxf3 e4+ 84. Ke2 Ra4 85. g4+ Ke5 86. g5 Kf5 87. Rf4+ Ke5 88. g6 1-0

[Event "*** Titled Tuesday 3|2 Blitz"]
[Site "Chess.com"]
[Date "2016.01.05"]
[Round "5"]
[White "UltimateCrusher2"]
[Black "alex_zapata"]
[Result "0-1"]
[WhiteElo "2039"]
[BlackElo "2195"]
[TimeControl "180+2"]
[EndTime "17:57:45 PST"]
[Termination "alex_zapata won by resignation"]

1. b3 d5 2. Nf3 Nf6 3. Bb2 c5 4. e3 Nc6 5. Bb5 Bg4 6. h3 Bxf3 7. Qxf3 e6 8. O-O Be7 9. c4 O-O 10. Bxc6 bxc6 11. d3 Nd7 12. Qe2 Bf6 13. Bxf6 Qxf6 14. Nd2 a5 15. e4 a4 16. exd5 cxd5 17. cxd5 exd5 18. Qf3 axb3 19. Nxb3 Qxf3 20. gxf3 Rfc8 21. Rfc1 Kf8 22. Rc2 c4 23. dxc4 Rxc4 24. Nd2 Rxc2 0-1

[Event "*** Titled Tuesday 3|2 Blitz"]
[Site "Chess.com"]
[Date "2016.01.05"]
[Round "5"]
[White "MasterLeif"]
[Black "AUSSIE_PINOY"]
[Result "0-1"]
[WhiteElo "2347"]
[BlackElo "2326"]
[TimeControl "180+2"]
[EndTime "17:58:01 PST"]
[Termination "AUSSIE_PINOY won by checkmate"]

1. e4 c5 2. Nf3 a6 3. b3 e6 4. Bb2 Qc7 5. Be2 b6 6. c4 Bb7 7. Nc3 Nc6 8. O-O Nf6 9. Re1 Ng4 10.
h3 h5 11. Nd5 exd5 12. exd5 O-O-O 13. dxc6 Qxc6 14. hxg4 hxg4 15. d4 Qh6 16. Bd3 Qh1# 0-1

[Event "*** Titled Tuesday 3|2 Blitz"]
[Site "Chess.com"]
[Date "2016.01.05"]
[Round "5"]
[White "tigra"]
[Black "Smirnov_Pavel"]
[Result "0-1"]
[WhiteElo "2263"]
[BlackElo "2324"]
[TimeControl "180+2"]
[EndTime "17:58:48 PST"]
[Termination "Smirnov_Pavel won by resignation"]

1. e4 e5 2. Nf3 Nc6 3. Bb5 a6 4. Ba4 Nf6 5. O-O Be7 6. Re1 b5 7.
Bb3 O-O 8. c3 d5 9. exd5 Nxd5 10. Nxe5 Nxe5 11. Rxe5 c6 12. d3 Bd6 13. Re4 Bf5 14.
Re1 Qh4 15. g3 Qh3 16. Nd2 Bg4 17. f3 Bxg3 18. hxg3 Qxg3+ 19. Kh1 Nf4 20. Re2 Nxe2 21. Qxe2 Rae8 22. Qf1 Bh3 23. Ne4 Rxe4 0-1

[Event "*** Titled Tuesday 3|2 Blitz"]
[Site "Chess.com"]
[Date "2016.01.05"]
[Round "5"]
[White "tac49"]
[Black "TheMagician"]
[Result "1-0"]
[WhiteElo "2430"]
[BlackElo "2166"]
[TimeControl "180+2"]
[EndTime "17:59:13 PST"]
[Termination "tac49 won by resignation"]

1. e4 c5 2. Nc3 g6 3. Nf3 Bg7 4. d4 cxd4 5. Nxd4 d6 6. Be3 Nf6 7. f3 O-O 8. Qd2 Nc6 9. Bc4 Bd7 10. O-O-O Ne5 11. Bb3 Rc8 12. Kb1 Nc4 13. Bxc4 Rxc4 14. g4 h5 15. gxh5 Nxh5 16. Rhg1 a6 17. Nd5 Bc6 18.
b3 Bxd5 19. exd5 Rc5 20. Nf5 Bc3 21. Qd3 Rc7 22. Nh6+ 1-0

[Event "*** Titled Tuesday 3|2 Blitz"]
[Site "Chess.com"]
[Date "2016.01.05"]
[Round "5"]
[White "LADIESGET2KNOWME"]
[Black "StellarChessPro"]
[Result "1-0"]
[WhiteElo "2309"]
[BlackElo "2237"]
[TimeControl "180+2"]
[EndTime "17:59:47 PST"]
[Termination "LADIESGET2KNOWME won by resignation"]

1. d4 d5 2. Nf3 c6 3. g3 Nf6 4.
Bg2 Ne4 5. O-O e6 6. c4 Nd7 7.
Nc3 f5 8. Bf4 Be7 9. Ne5 Nxe5 10. Bxe5 O-O 11. Nxe4 fxe4 12. f3 exf3 13. exf3 c5 14.
cxd5 exd5 15. f4 Be6 16. dxc5 Bxc5+ 17. Kh1 Qd7 18. Rc1 Rac8 19. Qd3 Rfd8 20. f5 Bf7 21. f6 g6 22. Bd4 b6 23. Bxc5 bxc5 24. Qe3 d4 25. Qh6 Bd5 26. Rce1 Re8 27. Kg1 Rxe1 28.
Bxd5+ Kh8 29. Rxe1 d3 30. Re7 1-0

[Event "*** Titled Tuesday 3|2 Blitz"]
[Site "Chess.com"]
[Date "2016.01.05"]
[Round "5"]
[White "RitchieBlackmore"]
[Black "Hikaru"]
[Result "0-1"]
[WhiteElo "2461"]
[BlackElo "2891"]
[TimeControl "180+2"]
[EndTime "18:00:02 PST"]
[Termination "Hikaru won by resignation"]

1. d4 Nf6 2. Nf3 e6 3. Bg5 d5 4.
Bxf6 gxf6 5. e3 Nd7 6. c3 c6 7. Nbd2 f5 8. Bd3 Bd6 9. g3 b6 10. Qc2 Bb7 11. c4 Rc8 12. O-O h5 13. h4 a6 14. Rae1 b5 15. c5 Bb8 16. Bxf5 exf5 17. Qxf5 Qf6 18. Qd3 Qg6 19. e4 O-O 20. Qe3 Rce8 21.
Qg5 Qxg5 22. Nxg5 f6 23. Ngf3 Bc7 24. exd5 cxd5 25. c6 Bxc6 26. Rc1 Re6 27. Rfe1 Rxe1+ 28. Nxe1 Nb8 29. Nd3 Bd6 30. Nb3 Bd7 31. Nbc5 Rc8 32. Re1 Kf7 33. Nxd7 Nxd7 0-1

[Event "*** Titled Tuesday 3|2 Blitz"]
[Site "Chess.com"]
[Date "2016.01.05"]
[Round "5"]
[White "kharposh"]
[Black "Alliswell998"]
[Result "0-1"]
[WhiteElo "2082"]
[BlackElo "2064"]
[TimeControl "180+2"]
[EndTime "18:00:35 PST"]
[Termination "Alliswell998 won by resignation"]

1. e4 c5 2. Nf3 d6 3. d4 cxd4 4. Nxd4 Nf6 5. Nc3 a6 6. Bc4 e6 7. Bb3 Nbd7 8. f4 Nc5 9. f5 Be7 10. O-O Bd7 11. Kh1 O-O 12. Qe1 Qc7 13. Bg5 b5 14.
fxe6 fxe6 15. Nf5 Bd8 16. Nxd6 Nxb3 17. axb3 Qxd6 18. e5 Qc5 19. b4 Qxb4 20. exf6 Bxf6 21. Bxf6 Rxf6 22. Rxf6 gxf6 23. Ne4 Qxb2 24. Nc5 Bc8 25. Rd1 Qe5 26. Rd8+ Kf7 27. Ne4 Bb7 28. Nd6+ Ke7 29.
Qxe5 fxe5 30. Nf7 Rxd8 0-1

[Event "*** Titled Tuesday 3|2 Blitz"]
[Site "Chess.com"]
[Date "2016.01.05"]
[Round "5"]
[White "LyonBeast"]
[Black "1stSecond"]
[Result "1-0"]
[WhiteElo "2756"]
[BlackElo "2487"]
[TimeControl "180+2"]
[EndTime "18:01:06 PST"]
[Termination "LyonBeast won by resignation"]

1. g3 Nf6 2. Bg2 g6 3. e4 d6 4. d4 Bg7 5. Ne2 O-O 6. O-O c6 7. h3 a5 8. Re1 Na6 9. Nd2 e5 10. dxe5 dxe5 11. Nc4 Qc7 12. Be3 Rd8 13. Qc1 c5 14.
Bg5 b5 15. Ne3 Be6 16. Nc3 Rdb8 17. a4 b4 18. Ncd5 Bxd5 19. exd5 h6 20. Bxf6 Bxf6 21. d6 Qxd6 22. Bxa8 Rxa8 23. Qd1 Qe6 24. Qd5 Rd8 25.
Qxe6 fxe6 26. Rad1 Rd4 27. c3 Rxd1 28. Rxd1 e4 29. Rd6 Nc7 30. Ng4 Bg7 31. Rd8+ Kh7 32. Rd7 Ne8 33. Re7 h5 34. Rxe8 hxg4 35. Rxe6 bxc3 36.
bxc3 Bxc3 37. hxg4 Kg7 38. Rxe4 Kf6 39. Kf1 1-0

[Event "*** Titled Tuesday 3|2 Blitz"]
[Site "Chess.com"]
[Date "2016.01.05"]
[Round "5"]
[White "Cecile_Haussernot"]
[Black "chess4life23"]
[Result "0-1"]
[WhiteElo "2183"]
[BlackElo "2173"]
[TimeControl "180+2"]
[EndTime "18:02:17 PST"]
[Termination "chess4life23 won by checkmate"]

1. e4 c5 2. Nf3 d6 3. d4 cxd4 4. Nxd4 Nf6 5. Nc3 a6 6. h3 e5 7.
Nde2 Be6 8. g4 h6 9. Bg2 Nbd7 10. O-O Be7 11. f4 exf4 12. Bxf4 Ne5 13. Nd5 Bxd5 14. exd5 Nfd7 15. Nd4 g6 16. b3 Bf6 17. c4 Qb6 18.
Be3 Qc7 19. Qd2 Bg7 20. Rae1 h5 21. Bg5 hxg4 22. hxg4 O-O 23. Re4 Rfe8 24. Be3 f6 25.
g5 f5 26. Rh4 Nc5 27. b4 Ne4 28. Bxe4 fxe4 29. Rxe4 Nxc4 30. Qd3 Nxe3 31. Qxe3 Rxe4 32. Qxe4 Qb6 33. Rd1 Rf8 34. Rd2 Qxb4 35. Qe6+ Rf7 36. Qe8+ Rf8 37. Qe6+ Rf7 38. Qe3 Qb1+ 39. Kh2 Be5+ 40.
Kh3 Qh1+ 41. Kg4 Qh5# 0-1

[Event "*** Titled Tuesday 3|2 Blitz"]
[Site "Chess.com"]
[Date "2016.01.05"]
[Round "5"]
[White "ChessChronicles123"]
[Black "LePatronn"]
[Result "0-1"]
[WhiteElo "1690"]
[BlackElo "1827"]
[TimeControl "180+2"]
[EndTime "18:02:17 PST"]
[Termination "LePatronn won by resignation"]

1. Nf3 c5 2. g3 Nf6 3. Bg2 g6 4. O-O Bg7 5. c4 O-O 6. Nc3 Nc6 7. d3 d5 8. a3 d4 9. Nb1 e5 10. Bg5 h6 11. Bxf6 Bxf6 12. Nbd2 Bg7 13. Rb1 a5 14. Nb3 Qe7 15. e4 a4 16. Na1 Bd7 17. Nc2 Na5 18.
Nd2 b5 19. f4 bxc4 20. Nxc4 Nxc4 21. dxc4 Be6 22. Qd3 Rab8 23. f5 Rb3 24. Qe2 d3 25.
Qd2 dxc2 26. Qxc2 Bd7 27. Rf2 g5 28. f6 Bxf6 29. Rbf1 Bg7 30. h3 f6 31. Kh2 Rfb8 32. Qc1 Be6 33. Bf3 Qb7 34. Bd1 Rxb2 35. Bxa4 Rxf2+ 36. Rxf2 Qc8 37. Rd2 Qa6 38. Bb5 Qc8 39.
Qd1 Qf8 40. Rd6 Bf7 41. g4 Kh7 42. a4 Qc8 43. a5 Bg6 44. Qd5 Qb7 45. Qxb7 Rxb7 46.
a6 Ra7 47. Rb6 Bxe4 48. Bc6 Bxc6 49. Rxc6 e4 50. Rb6 e3 51. Kg3 e2 52. Kf2 Re7 53. Ke1 f5 54. Rb7 Bc3+ 55. Kf2 e1=Q+ 56.
Kg2 Qe4+ 0-1

[Event "*** Titled Tuesday 3|2 Blitz"]
[Site "Chess.com"]
[Date "2016.01.05"]
[Round "5"]
[White "Piccadilly123"]
[Black "Penguininja"]
[Result "0-1"]
[WhiteElo "1719"]
[BlackElo "2131"]
[TimeControl "180+2"]
[EndTime "18:02:28 PST"]
[Termination "Penguininja won on time"]

1. e4 e6 2. d4 d5 3. exd5 exd5 4. Bd3 c5 5. Nf3 Be7 6. O-O Nf6 7. c3 Nc6 8. dxc5 O-O 9. Be3 Bg4 10. h3 Bh5 11.
Nbd2 a5 12. Qc2 a4 13. Nd4 Qa5 14. Nxc6 bxc6 15. c4 Bxc5 16. Bg5 Bg6 17. Bxf6 gxf6 18. cxd5 cxd5 19. Nf3 Bd6 20. Rfd1 Rac8 21. Qd2 Qa7 22. Rac1 Rcd8 23. Qc3 Bg3 24. Qd4 Qxd4 25. Nxd4 Bf4 26.
Rc2 Rc8 27. g3 Be5 28. Nc6 Kg7 0-1

[Event "*** Titled Tuesday 3|2 Blitz"]
[Site "Chess.com"]
[Date "2016.01.05"]
[Round "5"]
[White "MinhGTrAn"]
[Black "GrigorGrigorov"]
[Result "0-1"]
[WhiteElo "2540"]
[BlackElo "2515"]
[TimeControl "180+2"]
[EndTime "18:02:39 PST"]
[Termination "GrigorGrigorov won by resignation"]

1. d4 Nf6 2. c4 e6 3. g3 c5 4. Nf3 cxd4 5. Nxd4 d5 6. Bg2 e5 7. Nf3 d4 8. O-O Nc6 9. e3 Be7 10. exd4 exd4 11. b3 O-O 12. Bb2 d3 13. Nc3 Bf5 14.
Nh4 Bg4 15. Qd2 Qd7 16. Nd5 Nxd5 17. cxd5 Nb4 18. a3 Nc2 19. Ra2 Be2 20. Rc1 Bxh4 21.
gxh4 Rae8 22. Bc3 f6 23. Raxc2 dxc2 24. Rxc2 Ba6 25. Qd4 Qf5 26. Rc1 Be2 27. Bb4 Bf3 28.
Bxf3 Qxf3 29. Bxf8 Re4 30. Qc3 Rg4+ 31. Kf1 Qh1+ 32.
Ke2 Qe4+ 33. Qe3 Qxd5 34. Qd3 Re4+ 35. Kd2 Rd4 36. Rc3 Kxf8 0-1

[Event "*** Titled Tuesday 3|2 Blitz"]
[Site "Chess.com"]
[Date "2016.01.05"]
[Round "5"]
[White "FairChess_on_YouTube"]
[Black "HansCoolNiemann"]
[Result "1-0"]
[WhiteElo "2734"]
[BlackElo "2230"]
[TimeControl "180+2"]
[EndTime "18:02:39 PST"]
[Termination "FairChess_on_YouTube won by checkmate"]

1. e4 e6 2. d4 d5 3. Nc3 Nf6 4. e5 Nfd7 5. f4 c5 6. Nf3 Nc6 7. Be3 cxd4 8. Nxd4 Bc5 9. Qd2 O-O 10. O-O-O a6 11. Qf2 Bxd4 12. Bxd4 b5 13. Bd3 b4 14.
Ne2 a5 15. Bb5 Qc7 16. Bxc6 Qxc6 17. f5 Ba6 18. Ng3 Rac8 19. Rd2 a4 20. f6 g6 21. h4 b3 22. Kb1 bxc2+ 23. Kc1 Bc4 24. Qe3 Kh8 25. Qg5 a3 26. h5 axb2+ 27. Bxb2 Rg8 28. Rd4 Nf8 29. Rdh4 Qb7 30. hxg6 fxg6 31. f7 Qxf7 32. Qf6+ Qg7 33. Rg4 Rc7 34. Nh5 Qxf6 35. exf6 Rf7 36. Nf4 d4 37. Bxd4 e5 38. Bxe5 Nd7 39. Bd4 g5 40.
Nh3 Be6 41. Nxg5 Rg6 42. Nxf7+ Bxf7 43. Rxg6 Bxg6 44. f7+ Ne5 45. f8=Q# 1-0

[Event "*** Titled Tuesday 3|2 Blitz"]
[Site "Chess.com"]
[Date "2016.01.05"]
[Round "5"]
[White "Quiet_Desperation"]
[Black "Carolina-moon"]
[Result "0-1"]
[WhiteElo "2110"]
[BlackElo "2009"]
[TimeControl "180+2"]
[EndTime "18:02:40 PST"]
[Termination "Carolina-moon won by resignation"]

1. e4 c5 2. Nf3 d6 3. d4 Nf6 4. Nc3 cxd4 5. Nxd4 a6 6. Be3 e5 7. Nb3 Be6 8. f3 Be7 9. Qd2 Nbd7 10. g4 O-O 11. g5 Nh5 12. O-O-O b5 13. Nd5 Bxd5 14. exd5 Qc7 15. Kb1 Rfc8 16. Bh3 a5 17. Bg4 Nf4 18. Bxf4 exf4 19. h4 a4 20. Nd4 a3 21. b3 Ne5 22. Bxc8 Qxc8 23. Nxb5 Nxf3 24. Qxf4 Ne5 25. c4 Qc5 26. Rhe1 Bf8 27. Qd4 Qc8 28.
Qe4 Rb8 29. Rc1 Qh3 30. Nxa3 Rxb3+ 31. axb3 Qxb3+ 32. Ka1 Qxa3+ 33. Kb1 Qb3+ 34. Ka1 Nd3 35. Qd4 g6 36. Qc3 Qa4+ 37. Kb1 Nxe1 38. Qxe1 Qb3+ 39.
Ka1 Bg7+ 40. Rc3 Bxc3+ 41. Qxc3 0-1

[Event "*** Titled Tuesday 3|2 Blitz"]
[Site "Chess.com"]
[Date "2016.01.05"]
[Round "5"]
[White "Satoshi95"]
[Black "chesstatour"]
[Result "0-1"]
[WhiteElo "2093"]
[BlackElo "1929"]
[TimeControl "180+2"]
[EndTime "18:03:01 PST"]
[Termination "chesstatour won by resignation"]

1. e4 c6 2. d4 d5 3. Nc3 dxe4 4. Nxe4 Nf6 5. Nxf6+ gxf6 6. c3 Bf5 7. Nf3 e6 8. g3 h5 9. Bg2 Bd6 10. O-O Qc7 11. Nh4 Bg4 12. f3 Bxg3 13. fxg4 Bxh2+ 14. Kh1 hxg4 15. Qxg4 Qg3 16. Qxg3 Bxg3 17. Rxf6 Bxh4 18.
Rf3 Nd7 19. Kg1 Ke7 20. Bf4 Rag8 21. Kf1 Bg5 22. Bxg5+ Rxg5 23. Kf2 Rhg8 24. Bh1 Nf6 25. Rf1 Ne4+ 26. Ke3 f5 27. Rh3 Rg3+ 28. Rf3 Rxh3 29. Rxh3 Nf6 30. Rh6 Rg1 31. Bf3 Rb1 32. b3 Rb2 33.
Rg6 Kf7 34. Rg2 Rxg2 35. Bxg2 Ke7 36. Kf4 Kd6 37. Bf1 Nd5+ 38. Kg5 Nxc3 39. Kf6 Nb5 0-1

[Event "*** Titled Tuesday 3|2 Blitz"]
[Site "Chess.com"]
[Date "2016.01.05"]
[Round "5"]
[White "nijat_a"]
[Black "chessdude"]
[Result "1-0"]
[WhiteElo "2712"]
[BlackElo "2359"]
[TimeControl "180+2"]
[EndTime "18:03:07 PST"]
[Termination "nijat_a won by resignation"]

1. e4 c5 2. Nf3 d6 3. Bb5+ Nd7 4. a4 Nf6 5. Nc3 a6 6. Bc4 e6 7.
O-O Be7 8. Re1 O-O 9. a5 b5 10. axb6 Nxb6 11. Bf1 Nfd7 12. b3 Bb7 13. Bb2 Bf6 14.
g3 Qc7 15. Bg2 Nb8 16. d4 cxd4 17. Nxd4 Nc6 18. Nxc6 Bxc6 19. Re3 Rfd8 20. h4 Nd7 21.
Qe2 a5 22. Na4 Bxb2 23. Nxb2 Nc5 24. Qd2 d5 25. exd5 Bxd5 26. Qc3 Bxg2 27. Kxg2 Qb7+ 28. Kg1 Ne4 29. Qe1 Nf6 30. Nc4 a4 31.
bxa4 Qc6 32. Ne5 Qxc2 33. Rc3 Qf5 34. a5 Ne4 35. Re3 Qxe5 36. Rxe4 Qd5 37. a6 Ra7 38. Qe3 Rda8 39. Rd4 Qb5 40. Rd8+ Rxd8 41. Qxa7 Qb2 42. Rf1 h6 43. Qc7 Ra8 44. a7 Kh7 45. Rd1 Qa2 46. Rd7 Qb1+ 47. Kh2 Qg6 48. Rxf7 e5 49. Qb7 Re8 50. Re7 Rf8 51. a8=Q Rxf2+ 52. Qg2 Qc2 53. Rxe5 Rxg2+ 54. Qxg2 1-0

[Event "*** Titled Tuesday 3|2 Blitz"]
[Site "Chess.com"]
[Date "2016.01.05"]
[Round "5"]
[White "RobertoSuardi"]
[Black "Aygehovit1992"]
[Result "0-1"]
[WhiteElo "1928"]
[BlackElo "2399"]
[TimeControl "180+2"]
[EndTime "18:03:15 PST"]
[Termination "Aygehovit1992 won by resignation"]

1. Nf3 d5 2. b3 Nc6 3. Bb2 Bg4 4.
d4 e6 5. e3 Nf6 6. Be2 Bd6 7.
h3 Bh5 8. O-O O-O 9. c4 dxc4 10.
Bxc4 a6 11. Nc3 b5 12. Be2 Nb4 13. a3 Nbd5 14. Nxd5 exd5 15. Ne5 Bxe2 16. Qxe2 Re8 17.
Nf3 Ne4 18. Nd2 f5 19. Nxe4 fxe4 20. a4 Qd7 21. axb5 Qxb5 22. Qxb5 axb5 23. Rfc1 Kf7 24. Kf1 Ke6 25. Ke2 Kd7 26. Rxa8 Rxa8 27. Ra1 Rb8 28.
f3 exf3+ 29. gxf3 g5 30. Rg1 Rg8 31. h4 h6 32. hxg5 hxg5 33. Rh1 Ra8 34. Kd3 Ra2 35.
Bc3 b4 36. Bd2 Rb2 37. Rh7+ Kc6 38. Rg7 Rxb3+ 39. Ke2 Rb2 40. Rxg5 b3 41. Kd3 Rc2 42. Rg8 Kb7 43. Rg5 c6 44. Rg7+ Kb6 45. Rg8 Ra2 46. Bc3 Kb5 47. Rg6 Bc7 48. Rg7 Bb6 49. Rb7 Rf2 50. f4 b2 51. Bxb2 Rxb2 52. f5 Rf2 53. e4 Rf3+ 54. Ke2 dxe4 55. Re7 Rxf5 56. Rxe4 Kc4 57. Ke3 Rd5 58. Re6 Bxd4+ 59. Ke4 c5 60. Ra6 Re5+ 61. Kf4 Re8 62. Ra4+ Kb3 63. Ra7 Bc3 64.
Rb7+ Bb4 65. Rh7 c4 66. Rh1 c3 0-1

[Event "*** Titled Tuesday 3|2 Blitz"]
[Site "Chess.com"]
[Date "2016.01.05"]
[Round "5"]
[White "jlandaw"]
[Black "cool64chess"]
[Result "1-0"]
[WhiteElo "2347"]
[BlackElo "2225"]
[TimeControl "180+2"]
[EndTime "18:03:15 PST"]
[Termination "jlandaw won by resignation"]

1. e4 e6 2. d3 d5 3. Nd2 Nf6 4. Ngf3 Bc5 5. Be2 dxe4 6. dxe4 O-O 7. O-O a5 8. c3 Nc6 9. Qc2 e5 10. Nc4 Qe7 11. Ne3 Be6 12. Ng5 h6 13. Nxe6 Qxe6 14. Nf5 Ne7 15. Be3 Bxe3 16. Nxe3 Rfd8 17. b3 Qc6 18. Bd3 Ng6 19. g3 a4 20. Nf5 axb3 21.
axb3 Rxa1 22. Rxa1 Qd7 23. Bc4 b5 24. Bf1 c6 25.
Qe2 Qd2 26. Qf3 Qc2 27. Nxh6+ Kf8 28. Ra7 Ne7 29. Ng4 Qxe4 30. Qxe4 Nxe4 31. Nxe5 c5 32.
Rxe7 Kxe7 33. Nc6+ Kd7 34. Nxd8 Kxd8 35. Bxb5 Nxc3 36.
Bc4 Ke7 37. Kg2 Na2 38. Kf3 Nb4 39. Ke4 g6 40. h4 f5+ 41. Ke5 Nc2 42. Kd5 1-0

[Event "*** Titled Tuesday 3|2 Blitz"]
[Site "Chess.com"]
[Date "2016.01.05"]
[Round "5"]
[White "spirals5"]
[Black "DanielNaroditsky"]
[Result "0-1"]
[WhiteElo "2226"]
[BlackElo "2548"]
[TimeControl "180+2"]
[EndTime "18:03:30 PST"]
[Termination "DanielNaroditsky won on time"]

1. e4 e5 2. Nf3 Nc6 3. Bb5 a6 4. Ba4 Nf6 5. d3 d6 6. O-O g6 7. h3 Bg7 8. c4 O-O 9. Be3 Bd7 10. Nc3 Nh5 11. Bxc6 Bxc6 12. d4 Nf6 13. dxe5 Nxe4 14. Nxe4 Bxe4 15. exd6 cxd6 16. Nd4 Qh4 17. Qg4 Qe7 18.
Rad1 f5 19. Qg5 Bf6 20. Qh6 Rac8 21. b3 Bg7 22. Qg5 Qf7 23. Bf4 Rfe8 24. Qg3 d5 25. f3 dxc4 26. fxe4 Rxe4 27. Nf3 Bf6 28. Ng5 Bxg5 29. Bxg5 c3 30. Rc1 c2 31. Qd3 Qc7 32.
Rf2 Qb6 33. Rxc2 Rxc2 34. Qxc2 Qe6 35. g3 Re1+ 36. Kh2 h6 37. Bxh6 Qd5 38. Qc8+ Kh7 39. Qc7+ Kxh6 0-1

[Event "*** Titled Tuesday 3|2 Blitz"]
[Site "Chess.com"]
[Date "2016.01.05"]
[Round "5"]
[White "Jahonas"]
[Black "Colombiano07"]
[Result "1-0"]
[WhiteElo "2114"]
[BlackElo "2168"]
[TimeControl "180+2"]
[EndTime "18:03:42 PST"]
[Termination "Jahonas won by resignation"]

1. e4 g6 2. Nf3 Bg7 3. d4 c5 4. c3 cxd4 5. Nxd4 d5 6. exd5 Qxd5 7.
Be3 Nf6 8. Qb3 O-O 9. Nd2 Nc6 10. N2f3 Bg4 11. Bc4 Qe4 12. O-O Na5 13. Bxf7+ Rxf7 14. Qxf7+ Kxf7 15. Ng5+ Kg8 16. Nxe4 Nxe4 17. f3 Nc4 18. Rfe1 Nxe3 19. Rxe3 Nc5 20. fxg4 e5 21. Nb3 Ne6 22. Rd1 a5 23. Rd5 a4 24. Nc5 Nf4 25. Rd7 a3 26. b4 b6 27. g3 Nh3+ 28. Kg2 Ng5 29. Ne4 Ne6 30. Red3 h6 31.
h4 Rc8 32. g5 Rc4 33. Nf6+ Kf8 34. Rb7 hxg5 35. Nh7+ Kg8 36. Nxg5 Nxg5 37. hxg5 Rc8 38. Rdd7 Bh8 39. Rbc7 Re8 40. Re7 Rd8 41. Re6 e4 42. Rxe4 Kf8 43. Re6 Rd2+ 44. Kh3 Rxa2 45. Rxb6 Re2 46.
Rb8+ Re8 47. Rxe8+ Kxe8 48. Rc8+ Kd7 49. Rxh8 a2 50.
Ra8 1-0